 Dungeon Crawl Stone Soup version 0.28-a0-1038-g9c4cb8273d (webtiles) character file.

Game seed: 13382751189188810834

1061 siradein the Skirmisher (level 8, -1/95 HPs)
             Began as an Ogre Monk on Dec 9, 2021.
             Slain by an orc priest (2 damage)
             ... on level 5 of the Dungeon.
             The game lasted 00:16:15 (6065 turns).

siradein the Skirmisher (Ogre Monk)                 Turns: 6065, Time: 00:16:16

Health: -1/95      AC:  3    Str: 18    XL:     8   Next: 27%
Magic:  8/8        EV: 11    Int: 11    God:
Gold:   153        SH:  5    Dex: 13    Spells: 7/7 levels left

rFire   . . .      SeeInvis .   k - +0 flail
rCold   . . .      Faith    .   (no shield)
rNeg    . . .      Spirit   .   b - +0 robe
rPois   .          Reflect  +   (helmet restricted)
rElec   .          Harm     .   (no cloak)
rCorr   .          Rampage  .   (gloves unavailable)
Will    .....                   (boots unavailable)
Stlth   ++........              i - amulet of reflection
HPRegen 0.25/turn               (no ring)
MPRegen 0.11/turn               (no ring)

@: no status effects
A: large, unfitting armour, tough skin 1, horns 1, robust 1, strong 1, subdued
magic 1
a: no special abilities


You were on level 5 of the Dungeon.
You visited 1 branch of the dungeon, and saw 5 of its levels.

You collected 153 gold pieces.

Inventory:

Hand Weapons
 k - a +0 flail (weapon)
Missiles
 a - 4 poisoned darts (quivered)
Armour
 b - a +0 robe (worn)
Jewellery
 i - an amulet of reflection (around neck)
Wands
 f - a wand of polymorph (9)
Scrolls
 g - a scroll of enchant armour
 h - a scroll of amnesia {unknown}
 j - a scroll of blinking {unknown}
 m - a scroll of teleportation {unknown}
 n - a scroll of enchant weapon {unknown}
 p - a scroll of fog {unknown}
 q - a scroll of brand weapon {unknown}
Potions
 c - a potion of curing {unknown}
 d - 2 potions of attraction {unknown}
 e - 4 potions of heal wounds
 l - 2 potions of berserk rage
 o - 2 potions of haste {unknown}


   Skills:
 + Level 7.5 Fighting
 + Level 5.1 Maces & Flails
 + Level 5.1 Dodging
 - Level 1.4 Stealth
 + Level 3.2 Evocations


You had 7 spell levels left.
You didn't know any spells.
Your spell library contained the following spells:

 Spells                   Type           Power      Damage    Failure   Level
 Beastly Appendage        Tmut           0%         N/A       30%         1
 Foxfire                  Conj/Fire      0%         2x1d4     30%         1
 Wereblood                Tmut           0%         N/A       43%         2
 Call Canine Familiar     Summ           0%         N/A       67%         3
 Portal Projectile        Hex/Tloc       0%         N/A       67%         3
 Spider Form              Tmut/Pois      0%         N/A       67%         3
 Leda's Liquefaction      Hex/Erth       0%         N/A       97%         4
 Sticky Flame             Conj/Fire      0%         2d3       97%         4
 Eringya's Noxious Bog    Tmut/Pois      0%         N/A       100%        6
 Ignition                 Fire           0%         3d3       100%        8


Dungeon Overview and Level Annotations

Branches:
Dungeon (5/15)
 Temple: D:4-7

Altars:
The Shining One

Shops:
D:3 [


Innate Abilities, Weirdness & Mutations

You are too large for most types of armour.
You have tough skin. (AC +1)
You have a pair of small horns on your head.
You are robust. (+10% HP)
Your muscles are strong. (Str +2)
Your spells are a little easier to cast, but a little less powerful.


Message History

The orc warrior is heavily wounded.
The orc warrior misses you.
You closely miss the orc warrior.
You headbutt the orc warrior, but do no damage.
The orc warrior is heavily wounded.
The orc warrior hits you but does no damage.
You hit the orc warrior but do no damage.
The orc warrior is heavily wounded.
The orc warrior hits you with a +0 halberd!!
* * * LOW HITPOINT WARNING * * *
The orc warrior hits you from afar with a +0 halberd!
* * * LOW HITPOINT WARNING * * *
The orc warrior hits you from afar with a +0 halberd!
* * * LOW HITPOINT WARNING * * *
There is a stone staircase leading down, spattered with blood here.
The orc warrior completely misses you.
You climb downwards.
The orc barely misses you. You block the orc's attack.
There is a stone staircase leading up, spattered with blood here.
You hit the orc.
The orc is almost dead.
An orc priest comes into view. It is wielding a +0 flail.
The orc hits you with a +0 whip.
* * * LOW HITPOINT WARNING * * *
You barely miss the orc.
The orc is almost dead.
The orc hits you but does no damage.
The orc priest shouts!
You hit the orc but do no damage.
The orc is almost dead.
The orc closely misses you.
The orc priest drinks a potion.
The orc priest flickers and vanishes!
Deactivating autopickup; reactivate with Ctrl-A.
You barely miss something. Your headbutt misses something.
The orc barely misses you. Something hits you!
* * * LOW HITPOINT WARNING * * *
The orc barely misses you.
You closely miss the orc.
The orc is almost dead.
Something hits you.
You die...

.... ###.# .....
#...# ##..
......#.### ....
#....^#####.....
###...........###
###.######l....
#.........##..
##.)...{......
#..<.@..##
.........o........
###...............
####.......#####
#.......#
#.......#
#.......#
#.......#


You could see an iguana and an orc.

Vanquished Creatures
  A hornet (D:5)
  Grinder (D:4)
  An ice beast (D:5)
  A wight (D:4)
  4 jellies
  A bullfrog zombie (D:5)
  An orc priest (D:3)
  An iguana (D:4)
  Jessica (D:2)
  3 orc wizards
  A hound skeleton (D:5)
  3 gnolls (D:3)
  3 adders (D:2)
  3 worms
  4 dart slugs
  12 orcs
  4 ball pythons
  14 endoplasms
  3 giant cockroaches
  4 goblins
  7 hobgoblins
  5 jackals (D:3)
  20 kobolds
  3 quokkas
  8 bats
  A frilled lizard (D:2)
  3 rats
113 creatures vanquished.

Vanquished Creatures (others)
  10 fungi (D:3)
  6 toadstools (D:3)
16 creatures vanquished.

Grand Total: 129 creatures vanquished

Notes
Turn   | Place    | Note
-------+----------+-------------------------------------------
     0 | D:1      | siradein the Ogre Monk began the quest for the Orb.
     0 | D:1      | Reached XP level 1. HP: 24/24 MP: 1/1
   352 | D:1      | Reached XP level 2. HP: 23/32 MP: 2/2
   947 | D:1      | Reached XP level 3. HP: 35/40 MP: 3/3
  2021 | D:2      | Reached XP level 4. HP: 44/49 MP: 4/4
  2060 | D:2      | Noticed Jessica
  2063 | D:2      | Killed Jessica
  2064 | D:2      | Reached skill level 5 in Fighting
  2534 | D:3      | Found Xehege's Armour Shoppe.
  2561 | D:3      | Reached XP level 5. HP: 39/57 MP: 5/5
  2833 | D:3      | Found a faded altar of an unknown god.
  3089 | D:3      | Reached skill level 1 in Evocations
  3423 | D:3      | Reached XP level 6. HP: 55/67 MP: 6/6
  4137 | D:4      | Noticed Grinder
  4176 | D:3      | Reached skill level 6 in Fighting
  4362 | D:3      | Gained mutation: Your spells are a little easier to cast,
                  | but a little less powerful. [potion of mutation]
  4362 | D:3      | Gained mutation: Your muscles are strong. (Str +2) [potion
                  | of mutation]
  4362 | D:3      | Gained mutation: You are robust. (+10% HP) [potion of
                  | mutation]
  4362 | D:3      | Gained mutation: You have a pair of small horns on your
                  | head. [potion of mutation]
  4373 | D:4      | Killed Grinder
  4374 | D:4      | Reached XP level 7. HP: 38/83 MP: 7/7
  4994 | D:4      | Got Imito's Almanac of Nocuous Fire
  5299 | D:4      | Found a glowing golden altar of the Shining One.
  5495 | D:5      | Entered Level 5 of the Dungeon
  5495 | D:5      | Noticed a hornet
  5711 | D:5      | Reached skill level 7 in Fighting
  5778 | D:5      | Killed a hornet
  5779 | D:5      | Reached skill level 5 in Maces & Flails
  5779 | D:5      | Reached skill level 5 in Dodging
  5779 | D:5      | Reached XP level 8. HP: 90/95 MP: 8/8
  6064 | D:5      | HP: 1/95 [something (10)]
  6065 | D:5      | Slain by an orc priest

Illustrated notes

Levels and vault maps discovered:
D:1:      ncdulo_wetmaze, layout_basic, minivault_14
D:2:      layout_basic, uniq_jessica
D:3:      cheibrodos_fertilizer, layout_basic, serial_shops, nicolae_shop_stone,
          chequers_ecumenical_altar_simple, kennysheep_generic_room_15
D:4:      layout_loops_cross, tso_altar, minmay_fountain_box, uniq_grinder
D:5:      layout_rooms, trog_butcher_becter

Skill      XL: |  1  2  3  4  5  6  7 |
---------------+----------------------+-----
Maces & Flails | 3 4 5 |  5.1
Dodging        | 3 4 5 |  5.1
Fighting       | 5 6 7 |  7.5
Evocations     | 1 2 3 |  3.2
Stealth        | |  1.4

Action                   |  1- 3 |  4- 6 |  7- 9 || total
-------------------------+-------+-------+-------++-------
Melee: Mace              |   127 |    67 |       ||   194
       Flail             |       |   113 |    99 ||   212
       Headbutt          |       |     3 |    14 ||    17
Throw: Dart              |       |       |     4 ||     4
  Use: Scroll            |       |     3 |     1 ||     4
       Potion            |       |     1 |       ||     1
 Stab: Sleeping          |     6 |     2 |       ||     8
Armor: Robe              |    28 |    31 |    19 ||    78
Dodge: Dodged            |    63 |    72 |    45 ||   180
Block: Other             |       |    37 |    18 ||    55
       Reflection        |       |     2 |       ||     2

Table legend: (Time is in decaauts)
 A = Elapsed time spent in this place.
 B = Non-inter-level travel time spent in this place.
 C = Inter-level travel time spent in this place.
 D = Time resting spent in this place.
 E = Time spent auto-exploring this place.
 F = Levels seen in this place.
 G = Mean time per level.
                   A        B        C        D        E       F      G
               +--------+--------+--------+--------+--------+-----+--------+
         Total |   6174 |   6098 |     76 |   1558 |   3308 |   5 | 1234.8 |
       Dungeon |   6174 |   6098 |     76 |   1558 |   3308 |   5 | 1234.8 |
               +--------+--------+--------+--------+--------+-----+--------+

Top non-repeatable levels by time:
     D:3: 1708 daAuts
     D:2: 1654 daAuts
     D:1: 1283 daAuts
     D:4: 1262 daAuts
     D:5: 264 daAuts
